 Dungeon Crawl Stone Soup version 0.31.0-11-ge490571c62 (webtiles) character file.

Game seed: 14039879533927786049

49487 Baz the Warrior (level 14, -5/117 HPs)
             Began as a Djinni Fire Elementalist on Feb 7, 2024.
             Was the Champion of Makhleb.
             Slain by an orc knight
             ... wielding a +1 great sword
              (18 damage)
             ... on level 13 of the Dungeon.
             The game lasted 00:42:58 (20472 turns).

Baz the Warrior (Djinni Fire Elementalist)         Turns: 20472, Time: 00:42:59

Health: -5/117     AC:  9    Str:  9    XL:     14   Next: 92%
Gold:   986        EV:  7    Int: 20    God:    Makhleb [******] SH:  0 Dex: 14

rFire   + + .        r - +2 whip (elec)
rCold   x . .        (no shield)
rNeg    . . .        Q - +0 troll leather armour
rPois   ∞            s - +0 helmet
rElec   .            J - +1 cloak {Stlth+}
rCorr   .            l - +0 pair of gloves
SInv    .            (boots unavailable)
Will    +....        (no amulet)
Stlth   +++          (no ring)
HPRegen 1.19/turn    (no ring)
MPRegen 0.00/turn

%: infuse magic (-6 HP)
@: vertiginous, flying
A: sickness immunity, fire resistance 2, cold vulnerability 1, float, innate
caster, HP casting, extra vitality 1
a: Renounce Religion, Minor Destruction, Lesser Servant of Makhleb, Major
Destruction, Greater Servant of Makhleb


You were on level 13 of the Dungeon.
You worshipped Makhleb.
Makhleb was exalted by your worship.
You visited 2 branches of the dungeon, and saw 18 of its levels.
You also visited: Ossuary.

You collected 1327 gold pieces.
You spent 341 gold pieces at shops.

Inventory:

Hand Weapons
 r - a +2 whip of electrocution (weapon)
Missiles
 f - a throwing net
Armour
 d - a +1 ring mail of fire resistance
 l - a +0 pair of gloves (worn)
 s - a +0 helmet (worn)
 H - +0 steam dragon scales
 J - a +1 cloak of stealth (worn)
 P - a +0 kite shield
 Q - a +0 troll leather armour (worn)
Magical Staves
 b - a staff of earth
 y - a staff of air
Jewellery
 L - an amulet of faith
 N - an amulet of the acrobat
 S - a ring of ice
Wands
 a - a wand of mindburst (21)
 m - a wand of digging (1)
 u - a wand of charming (34)
 C - a wand of quicksilver (18)
 I - a wand of roots (23)
 K - a wand of polymorph (10)
 M - a wand of flame (19)
Scrolls
 e - 2 scrolls of enchant weapon
 h - 11 scrolls of teleportation
 k - 3 scrolls of noise
 o - 4 scrolls of fear
 p - 3 scrolls of brand weapon
 t - 2 scrolls of enchant armour
 v - a scroll of identify
 w - 2 scrolls of revelation
 A - 6 scrolls of blinking {unknown}
 B - 3 scrolls of immolation {unknown}
 D - 6 scrolls of poison
 E - 4 scrolls of fog
 G - 2 scrolls of vulnerability
Potions
 c - 4 potions of heal wounds
 g - 7 potions of degeneration
 i - 3 potions of attraction
 j - 5 potions of curing
 n - 2 potions of lignification
 q - 6 potions of haste
 x - a potion of enlightenment
 z - 5 potions of ambrosia
 F - 2 potions of resistance
 O - a potion of might
 R - a potion of invisibility
 T - 2 potions of mutation


   Skills:
 * Level 16.3 Fighting
 - Level 10.5 Armour
 - Level 3.0 Dodging
 - Level 1.5 Stealth
 + Level 3.6 Shields
 * Level 12.4 Spellcasting
 * Level 12.4 Conjurations
 * Level 12.4 Hexes
   Level 0.0 Charms
 * Level 12.4 Summonings
 * Level 12.4 Necromancy
 * Level 12.4 Translocations
   Level 0.0 Transmutations
 * Level 12.4 Fire Magic
 * Level 12.4 Ice Magic
 * Level 12.4 Air Magic
 * Level 12.4 Earth Magic
 * Level 12.4 Alchemy


You knew the following spells:

 Your Spells              Type           Power      Damage    Failure   Level
a - Foxfire               Conj/Fire      100%       2x1d9     1%          1
b - Scorch                Fire           100%       2d9       1%          2
c - Volatile Blastmotes   Fire/Tloc      100%       2d18      1%          3
d - Inner Flame           Hex/Fire       58%        N/A       1%          3
e - Flame Wave            Conj/Fire      58%        2d14      1%          4
f - Necrotise             Necr           100%       1d9       1%          1
g - Jinxbite              Hex            100%       N/A       1%          2
h - Ensorcelled Hibernat  Hex/Ice        100%       N/A       1%          2
i - Sticky Flame          Fire/Alch      58%        2d10      1%          4
j - Alistair's Intoxicat  Alch           38%        N/A       3%          5
k - Metabolic Englaciati  Hex/Ice        29%        N/A       3%          5
Your spell library was empty.

Dungeon Overview and Level Annotations

Branches:
Dungeon (13/15)            Temple (0/1) D:5            Lair (5/5) D:9
 Shoals (0/4) Lair:3        Snake (0/4) Lair:2          Orc (0/2) D:12
 Vaults (0/5) D:13        Ossuary (visited)
  Slime: Lair:4-5

Altars:
Dithmenos
Elyvilon
Fedhas
Makhleb
Uskayaw
Wu Jian
Zin

Shops:
D:1 ?   D:4 ?   D:7 [   D:11 (


Innate Abilities, Weirdness & Mutations

You are immune to sickness and miasma.
You are immune to poison.
Your flesh is very heat resistant. (rF++)
You are vulnerable to cold. (rC-)
You float through the air rather than walking.
You learn spells naturally, not from books.
Your magical power is your life essence.
You have superior vitality. (+4 MHP)


Message History

You feel much better.
The orc knight hits you with a +1 great sword.
* * * LOW HITPOINT WARNING * * *
The centaur warrior completely misses you.
The centaur warrior kicks you but does no damage.
Casting: Flame Wave (mildly dangerous; 1% risk of failure)
Confirm with . or Enter, or press ? or * to list all spells.
Casting: Flame Wave (mildly dangerous; 1% risk of failure)
Press: ? - help, Dir - look around, f - activate A wave of flame ripples out!
The flame wave engulfs the orc knight.
The orc knight is severely wounded.
The flame wave engulfs the centaur warrior!!
You kill the centaur warrior!
Makhleb accepts your kill.
You feel better.
The flame wave engulfs the troll!!
The troll is almost dead. (Press . to intensify the flame waves.)
* * * LOW HITPOINT WARNING * * *
The orc knight hits you with a +1 great sword!
* * * LOW HITPOINT WARNING * * *
The troll bites you.
* * * LOW HITPOINT WARNING * * *
The troll claws you.
* * * LOW HITPOINT WARNING * * *
The troll closely misses you.
Unknown command.
Unknown command.
Unknown command.
Unknown command.
Unknown command.
A wave of flame ripples out!
The flame wave engulfs the orc knight!
The orc knight is almost dead.
The flame wave engulfs the troll!
You kill the troll!
Makhleb accepts your kill.
You feel better.
The troll leather armour is intact enough to wear.
* * * LOW HITPOINT WARNING * * *
The orc knight hits you with a +1 great sword!!
You die...

...............
...............
...............
..$........$...
...............
.......†.......
.....†<∩[†.....
......o@.......
.....††$†.....#
.....†........#
..$........$..#
........!.....#
..........#####
.........##
##########


You could see an orc knight.

Vanquished Creatures
  Fannar (D:11)
  2 hydras
  2 centaur warriors
  A boulder beetle (Lair:4)
  A catoblepas (Lair:3)
  2 two-headed ogres (D:9)
  A skyshark (Lair:4)
  Lodul (D:13)
  2 lindwurms
  Pikel (D:9)
  A cyclops (D:11)
  A manticore (D:12)
  An oklob plant (D:12)
  Maurice (D:8)
  5 black mambas
  Joseph (D:9)
  11 elephants
  9 cane toads
  2 unseen horrors (D:10)
  A gargoyle (D:12)
  3 kobold demonologists
  4 rime drakes
  6 komodo dragons
  5 trolls
  Prince Ribbit (D:8)
  5 hornets
  28 blink frogs
  A slime creature (D:13)
  2 shadows
  8 wyverns
  A vampire (D:11)
  45 yaks
  2 wraiths
  3 basilisks
  A warg (Lair:5)
  6 vampire mosquitoes
  2 steam dragons
  16 humans (D:13)
  Menkaure (D:4)
  3 nagas (Lair:2)
  2 acid dragons (D:9)
  14 water moccasins
  An ice beast (D:7)
  A sky beast (D:6)
  A black bear (D:4)
  3 orc warriors
  An ogre (D:5)
  16 wolves
  7 centaurs
  A lemure (D:9)
  6 kobold brigands
  A phantom (D:5)
  2 elf zombies (Ossuary)
  10 bullfrogs
  A gnoll sergeant (D:5)
  5 scorpions
  5 wights (D:9)
  3 troll zombies (D:12)
  An oklob sapling (D:12)
  8 killer bees (D:9)
  4 howler monkeys
  A bombardier beetle (D:3)
  5 hounds
  6 orc priests
  A gnoll bouda (D:7)
  2 iguanas (D:6)
  2 sleepcaps
  7 orc wizards
  6 hell rats (Lair:2)
  2 ogre zombies (D:12)
  A hound zombie (Ossuary)
  4 mummies (Ossuary)
  12 gnolls
  8 adders
  2 white imps (D:6)
  4 ufetubi
  An adder zombie (Ossuary)
  2 ribbon worms
  7 dart slugs
  33 orcs
  13 ball pythons
  11 endoplasms
  6 goblins
  7 hobgoblins
  26 kobolds
  5 quokkas
  10 bats
  2 frilled lizards
  3 gnoll zombies
  A jackal zombie (Ossuary)
  2 kobold zombies (Ossuary)
  2 orc skeletons (D:12)
  14 orc zombies
  2 rats (D:1)
  2 rat zombies (Ossuary)
495 creatures vanquished.

Vanquished Creatures (collateral kills)
  23 foxfires
23 creatures vanquished.

Vanquished Creatures (others)
  A two-headed ogre zombie (D:12)
  2 gnoll skeletons (D:12)
  6 orc zombies (D:12)
  2274 foxfires
2283 creatures vanquished.

Grand Total: 2801 creatures vanquished

Notes
Turn   | Place    | Note
-------+----------+-------------------------------------------
     0 | D:1      | Baz the Djinni Fire Elementalist began the quest for the
                  | Orb.
     0 | D:1      | Baz set off with the following spells memorised: Foxfire,
                  | Scorch, Volatile Blastmotes, Inner Flame, Flame Wave.
     0 | D:1      | Reached XP level 1. HP: 15/15 MP: 0/0
    84 | D:1      | Reached XP level 2. HP: 18/22 MP: 0/0
   118 | D:1      | Found Doises's Magic Scroll Shoppe.
   137 | D:1      | Reached skill level 1 in Fighting
   479 | D:1      | Reached XP level 3. HP: 23/27 MP: 0/0
   479 | D:1      | Learned a level 1 spell: Necrotise
   936 | D:1      | Reached XP level 4. HP: 20/33 MP: 0/0
  1041 | D:2      | Reached skill level 2 in Fighting
  1498 | D:2      | Reached XP level 5. HP: 35/39 MP: 0/0
  1498 | D:2      | Learned a level 2 spell: Jinxbite
  2203 | D:3      | Reached skill level 3 in Fighting
  2287 | D:3      | Reached skill level 1 in Armour
  2287 | D:3      | Reached XP level 6. HP: 41/46 MP: 0/0
  2412 | D:3      | Found a white marble altar of Elyvilon.
  2412 | D:3      | You are sucked into a shaft and drop 3 floors!
  2483 | D:6      | Reached skill level 4 in Fighting
  2583 | D:6      | Found a burning altar of Makhleb.
  2609 | D:6      | Noticed a sky beast
  2627 | D:6      | Killed a sky beast
  2628 | D:6      | Reached XP level 7. HP: 43/53 MP: 0/0
  2628 | D:6      | Learned a level 2 spell: Ensorcelled Hibernation
  2659 | D:6      | Found a sand-covered staircase.
  2669 | Ossuary  | Entered an ossuary
  2801 | Ossuary  | Reached skill level 5 in Fighting
  3008 | Ossuary  | Reached XP level 8. HP: 56/59 MP: 0/0
  3117 | D:6      | Reached skill level 5 in Spellcasting
  3117 | D:6      | Reached skill level 5 in Conjurations
  3117 | D:6      | Reached skill level 5 in Hexes
  3117 | D:6      | Reached skill level 5 in Summonings
  3117 | D:6      | Reached skill level 5 in Necromancy
  3117 | D:6      | Reached skill level 5 in Translocations
  3117 | D:6      | Reached skill level 5 in Fire Magic
  3117 | D:6      | Reached skill level 5 in Ice Magic
  3117 | D:6      | Reached skill level 5 in Air Magic
  3117 | D:6      | Reached skill level 5 in Earth Magic
  3117 | D:6      | Reached skill level 5 in Alchemy
  3331 | D:5      | Entered Level 5 of the Dungeon
  3611 | D:5      | Reached skill level 6 in Fighting
  4239 | D:4      | Found a blossoming altar of Fedhas.
  4510 | D:6      | Reached XP level 9. HP: 61/67 MP: 0/0
  4510 | D:6      | Learned a level 4 spell: Sticky Flame
  4709 | D:6      | Became a worshipper of Makhleb the Destroyer
  5364 | D:4      | Noticed Menkaure
  5367 | D:4      | Killed Menkaure
  5368 | D:4      | Reached skill level 7 in Fighting
  5513 | D:4      | Found Istis's Magic Scroll Shoppe.
  5527 | D:4      | Bought a scroll of teleportation for 33 gold pieces
  5527 | D:4      | Bought a scroll of poison for 44 gold pieces
  6205 | D:5      | Found a staircase to the Ecumenical Temple.
  6273 | D:5      | Found an ornate altar of the Wu Jian Council.
  6610 | D:1      | Bought a scroll of fog for 48 gold pieces
  6610 | D:1      | Bought a scroll of teleportation for 36 gold pieces
  6610 | D:1      | Bought 2 scrolls of vulnerability for 96 gold pieces
  6610 | D:1      | Bought a scroll of teleportation for 36 gold pieces
  6610 | D:1      | Bought a scroll of fear for 48 gold pieces
  6878 | D:7      | Found a hide-covered altar of Uskayaw.
  7347 | D:7      | Found Canai's Armour Shoppe.
  7351 | D:7      | Reached skill level 8 in Fighting
  7596 | D:7      | Reached skill level 5 in Armour
  7601 | D:7      | Reached * piety under Makhleb
  7777 | D:8      | Noticed Maurice
  7787 | D:8      | Killed Maurice
  7788 | D:8      | Reached XP level 10. HP: 57/77 MP: 0/0
  8119 | D:8      | Noticed Prince Ribbit
  8123 | D:8      | Killed Prince Ribbit
  8124 | D:8      | Reached skill level 9 in Fighting
  9178 | D:9      | Reached ** piety under Makhleb
  9212 | D:9      | Reached skill level 10 in Fighting
  9403 | D:9      | Noticed a two-headed ogre
  9408 | D:9      | Noticed a kobold demonologist
  9424 | D:9      | Reached XP level 11. HP: 81/86 MP: 0/0
  9424 | D:9      | Learned a level 5 spell: Alistair's Intoxication
  9427 | D:9      | Noticed a centaur warrior
  9430 | D:9      | Killed a two-headed ogre
  9433 | D:9      | Noticed a soul eater
  9434 | D:9      | Noticed a two-headed ogre
  9438 | D:9      | Killed a centaur warrior
  9439 | D:9      | Reached skill level 11 in Fighting
  9441 | D:9      | Killed a two-headed ogre
  9572 | D:9      | Noticed Pikel
  9585 | D:9      | Killed Pikel
  9662 | D:9      | Noticed Joseph
  9675 | D:9      | Killed Joseph
 10076 | D:9      | Found a staircase to the Lair.
 10129 | D:9      | Found a glowing silver altar of Zin.
 10136 | D:9      | Found a shadowy altar of Dithmenos.
 10244 | Lair:1   | Entered Level 1 of the Lair of Beasts
 10413 | Lair:1   | Reached XP level 12. HP: 88/95 MP: 0/0
 10417 | Lair:1   | Reached skill level 12 in Fighting
 10533 | Lair:1   | Reached *** piety under Makhleb
 11872 | Lair:2   | Found a staircase to the Snake Pit.
 11942 | Lair:2   | Reached skill level 10 in Spellcasting
 11942 | Lair:2   | Reached skill level 10 in Conjurations
 11942 | Lair:2   | Reached skill level 10 in Hexes
 11942 | Lair:2   | Reached skill level 10 in Summonings
 11942 | Lair:2   | Reached skill level 10 in Necromancy
 11942 | Lair:2   | Reached skill level 10 in Translocations
 11942 | Lair:2   | Reached skill level 10 in Fire Magic
 11942 | Lair:2   | Reached skill level 10 in Ice Magic
 11942 | Lair:2   | Reached skill level 10 in Air Magic
 11942 | Lair:2   | Reached skill level 10 in Earth Magic
 11942 | Lair:2   | Reached skill level 10 in Alchemy
 12242 | Lair:2   | Reached skill level 13 in Fighting
 12467 | Lair:2   | Reached **** piety under Makhleb
 12702 | Lair:3   | Noticed a catoblepas
 13003 | Lair:3   | Reached XP level 13. HP: 49/103 MP: 0/0
 13003 | Lair:3   | Learned a level 5 spell: Metabolic Englaciation
 13560 | Lair:3   | Killed a catoblepas
 13815 | Lair:3   | Reached skill level 14 in Fighting
 13996 | Lair:3   | Found a staircase to the Shoals.
 14879 | Lair:4   | Reached ***** piety under Makhleb
 15337 | Lair:4   | Reached skill level 10 in Armour
 15969 | Lair:4   | Reached skill level 15 in Fighting
 15969 | Lair:4   | Reached XP level 14. HP: 98/114 MP: 0/0
 16596 | Lair:5   | Entered Level 5 of the Lair of Beasts
 17066 | Lair:5   | Reached skill level 1 in Shields
 17686 | D:10     | Entered Level 10 of the Dungeon
 18690 | D:11     | Noticed Fannar
 18711 | D:11     | Killed Fannar
 18831 | D:11     | Found Teddoruw's Weapon Emporium.
 19307 | D:12     | Reached skill level 16 in Fighting
 20270 | D:12     | Found a staircase to the Orcish Mines.
 20272 | D:12     | Reached ****** piety under Makhleb
 20458 | D:13     | Noticed Lodul
 20458 | D:13     | Found a gate to the Vaults.
 20467 | D:13     | Killed Lodul
 20472 | D:13     | Slain by an orc knight

Illustrated notes

Levels and vault maps discovered:
D:1:      amcnicky_arrival_flooded_fountain, layout_loops_ring, serial_shops,
          shop
D:2:      wander_river, layout_loops_ring, minmay_misc_feat_iff,
          minmay_quantized
D:3:      layout_loops_ring, mainiacjoe_overflow_small_starburst
D:4:      layout_basic, lemuel_doored_altar, serial_shops,
          nicolae_shop_pleasant_corner_grove, hangedman_abyss_or_decor_stagger,
          uniq_menkaure
D:5:      layout_loops_ring, nicolae_wu_jian_glorious_leap,
          minmay_temple_entry_stoned_glass, water_boxes_lemuel
D:6:      layout_basic, lemuel_tele_altar, mainiacjoe_ossuary_entry_dusty_tomb
D:7:      layout_cave_pods, eat_drink_and_be_merry_uskayaw, serial_shops,
          nicolae_shop_statue_plus
D:8:      layout_basic, nicolae_underground_beach, uniq_maurice,
          uniq_prince_ribbit1
D:9:      layout_basic, grunt_temple_overflow_diamond, david_lair_shrubbed,
          serial_park_tiny_pond, evilmike_minifort, uniq_pikel, uniq_joseph
D:10:     layout_roguey
D:11:     layout_basic, serial_shops, nicolae_shop_crystal, uniq_fannar
D:12:     layout_loops_corners, zombieorc2_lemuel, introduction_to_nature_2,
          uniq_azrael
D:13:     layout_big_octagon, david_vaults_3, minmay_misc_feat_five,
          kiku_gazebo_pond_becter
Lair:1:   layout_regular_city
Lair:2:   layout_gridlike, nicolae_snake_entry_squirm, minivault_19,
          lemuel_fruit_fields, serial_bayou_shore_b, lemuel_fruit_fields
Lair:3:   layout_long_grid, minmay_shoals_entry_centaurs,
          chequers_serial_rivers_micro_e, serial_bayou_shore_b,
          grunt_megastairs_4, serial_bayou_shore_a
Lair:4:   layout_cave_shapes, chequers_serial_rivers_marsh, lemuel_fruit_fields
Lair:5:   hangedman_lair_caniforms_friends, layout_gridlike,
          nicolae_slime_entry_field_trip, wad_woods_road_01

Skill      XL: |  1  2  3  4  5  6  7  8  9 10 11 12 13 14 |
---------------+-------------------------------------------+-----
Fighting       | 1 2 3 4 5 6 8 10 11 13 15 16 | 16.3
Dodging        | 3 |  3.0
Spellcasting   | 4 5 6 8 9 10 11 12 | 12.4
Conjurations   | 4 5 6 8 9 10 11 12 | 12.4
Hexes          | 4 5 6 8 9 10 11 12 | 12.4
Summonings     | 4 5 6 8 9 10 11 12 | 12.4
Necromancy     | 4 5 6 8 9 10 11 12 | 12.4
Translocations | 4 5 6 8 9 10 11 12 | 12.4
Fire Magic     | 4 5 6 8 9 10 11 12 | 12.4
Ice Magic      | 4 5 6 8 9 10 11 12 | 12.4
Air Magic      | 4 5 6 8 9 10 11 12 | 12.4
Earth Magic    | 4 5 6 8 9 10 11 12 | 12.4
Alchemy        | 4 5 6 8 9 10 11 12 | 12.4
Armour         | 1 2 3 5 6 7 9 10 | 10.5
Shields        | 3 |  3.6
Stealth        | |  1.5

Action                     |  1- 3 |  4- 6 |  7- 9 | 10-12 | 13-15 || total
---------------------------+-------+-------+-------+-------+-------++-------
  Melee: Dagger            |     3 |     2 |       |       |       ||     5
         Whip              |       |     8 |    31 |    13 |     3 ||    55
         Punch             |       |       |     1 |     2 |       ||     3
   Cast: Foxfire           |    55 |   154 |   239 |   329 |   539 ||  1316
         Scorch            |       |    14 |    31 |    47 |   100 ||   192
         Flame Wave        |       |       |     5 |    30 |    36 ||    71
         Sticky Flame      |       |       |     3 |    14 |    39 ||    56
         Alistair's Intoxi |       |       |       |     1 |     5 ||     6
         Metabolic Englaci |       |       |       |       |     4 ||     4
         Necrotise         |       |       |       |       |     1 ||     1
    Use: Scroll            |       |     5 |       |       |    15 ||    20
         Potion            |       |       |       |       |     2 ||     2
   Stab: Sleeping          |     3 |       |     1 |     1 |       ||     5
         Petrified         |       |       |       |     3 |       ||     3
 Armour: Robe              |     6 |    16 |    53 |       |       ||    75
         Steam dragon scal |       |       |     6 |   142 |   163 ||   311
         Troll leather arm |       |       |       |       |    79 ||    79
  Dodge: Dodged            |     9 |    26 |    64 |    90 |   138 ||   327
